 Dungeon Crawl Stone Soup version 0.17.0-24-gcfadda4 (webtiles) character file.

38 Sorcv the Vexing (level 3, -2/24 HPs)
             Began as a Mummy Enchanter on Nov 15, 2015.
             Slain by a worker ant (7 damage)
             ... on level 4 of the Dungeon.
             The game lasted 00:03:32 (1118 turns).

Sorcv the Vexing (Mummy Enchanter)                  Turns: 1118, Time: 00:03:32

Health: -2/24      AC:  3    Str: 14    XL:     3   Next: 25%
Magic:  4/6        EV: 12    Int: 14    God:
Gold:   130        SH:  0    Dex: 13    Spells: 2 memorised, 3 levels left

rFire  x . .     SeeInvis .     a - +1 dagger
rCold  + . .     Clarity  .     b - +1 robe
rNeg   + + +     SustAt   .     (no shield)
rPois  ∞         Gourm    .     (no helmet)
rElec  .         Spirit   .     (no cloak)
rCorr  .         Warding  .     (no gloves)
rMut   .         Stasis   .     (no boots)
MR     .....                    (no amulet)
Stlth  ++........               (no ring)
                                f - +3 ring of strength

@: not resistant to hostile enchantments, unstealthy
A: no food or potions, fire vulnerability, cold resistance 1, negative energy
resistance 3, torment resistance, unbreathing
a: no special abilities


You were on level 4 of the Dungeon.
You were not hungry.

You visited 1 branch of the dungeon, and saw 4 of its levels.

You collected 130 gold pieces.

Inventory:

Hand Weapons
 a - a +1 dagger (weapon)
Missiles
 e - 2 poisoned javelins (quivered)
Armour
 b - a +1 robe (worn)
Jewellery
 f - a +3 ring of strength (left hand)
Scrolls
 g - a scroll of enchant armour
Books
 c - a book of Maledictions

   Spells                             Type                      Level
   a - Corona                         Hexes                        1
   b - Ensorcelled Hibernation        Hexes/Ice                    2
   c - Confuse                        Hexes                        3
   d - Tukima's Dance                 Hexes                        3
   e - Dazzling Spray                 Conjuration/Hexes            3
 d - a book of Death

   Spells                             Type                      Level
   a - Corpse Rot                     Necromancy                   2
   b - Sublimation of Blood           Necromancy                   2
   c - Agony                          Necromancy                   5
   d - Dispel Undead                  Necromancy                   5
   e - Excruciating Wounds            Charms/Necromancy            5
   f - Bolt of Draining               Conjuration/Necromancy       5


   Skills:
 - Level 0.7 Short Blades
 - Level 1.5 Dodging
 + Level 2.4 Stealth
 - Level 2.0 Spellcasting
 - Level 4.0 Hexes


You had 3 spell levels left.
You knew the following spells:

 Your Spells              Type           Power        Failure   Level  Hunger
a - Corona                Hex            ##.....      4%          1    N/A
b - Ensorcelled Hibernat  Hex/Ice        #.....       17%         2    N/A

Dungeon Overview and Level Annotations

Branches:
Dungeon (4/15)
 Temple: D:4-7

Altars:
Elyvilon

Annotations:
D:3 tp1's ghost, amateur DECj


Innate Abilities, Weirdness & Mutations

You do not eat or drink.
Your flesh is vulnerable to fire.
You are immune to poison.
Your flesh is cold resistant.
You are immune to negative energy.
You are immune to unholy pain and torment.
You can survive without breathing.


Message History

Aim: a worker ant (chance to defeat MR: 48%)
The worker ant looks drowsy...
The helpless worker ant fails to defend itself.
You puncture the worker ant!
The worker ant is severely wounded.
The worker ant bites you.
You hit the worker ant but do no damage.
The worker ant is severely wounded.
The worker ant bites you.
* * * LOW HITPOINT WARNING * * *
You hit the worker ant.
The worker ant is almost dead.
The worker ant closely misses you.
You hit the worker ant.
The worker ant is almost dead.
The worker ant completely misses you.
You barely miss the worker ant.
The worker ant is almost dead.
The worker ant bites you!
You die...

.##............#
..#######......#
..# #.....#..##
...#
#....###...####
#........#
#......#
#......#
##.....# ....
#..#### ..
#..########
#..@a......
#..........
#.(..?.....
#.....###..
...#### # .....
##.... #..##


You could see a worker ant.

Vanquished Creatures
  2 adders (D:2)
  An orc (D:4)
  2 hobgoblins
  4 kobolds
  A quokka (D:2)
  4 bats
  A giant cockroach (D:1)
  3 goblins
  2 rats (D:2)
20 creatures vanquished.

Notes
Turn   | Place    | Note
--------------------------------------------------------------
     0 | D:1      | Sorcv the Mummy Enchanter began the quest for the Orb.
     0 | D:1      | Reached XP level 1. HP: 13/13 MP: 3/3
   120 | D:1      | Reached skill level 3 in Hexes
   277 | D:2      | Reached XP level 2. HP: 11/19 MP: 1/5
   290 | D:2      | Learned a level 2 spell: Ensorcelled Hibernation
   489 | D:2      | Reached XP level 3. HP: 2/24 MP: 0/6
   955 | D:2      | You fall through a shaft!
   955 | D:3      | Found a white marble altar of Elyvilon.
   993 | D:3      | Noticed tp1's ghost (amateur DECj)
  1012 | D:4      | Reached skill level 4 in Hexes
  1118 | D:4      | Slain by a worker ant

Action                   || total
-------------------------++-------
Melee: Dagger            ||   108
 Cast: Corona            ||     3
       Ensorcelled Hiber ||     6
  Use: Scroll            ||     4
 Stab: Sleeping          ||     5
